 Dungeon Crawl Stone Soup version 0.19-a0-1107-gc676ff4 (webtiles) character file.

88 seren the Bolt Thrower (level 4, -2/28 HPs)
             Began as a Kobold Hunter on Aug 9, 2016.
             Slain by an orc priest
             ... wielding a +0 club
              (6 damage)
             ... on level 3 of the Dungeon.
             The game lasted 00:09:19 (2383 turns).

seren the Bolt Thrower (Kobold Hunter)              Turns: 2383, Time: 00:09:20

Health: -2/28      AC:  7    Str: 11    XL:     4   Next: 81%
Magic:  4/4        EV: 15    Int:  9    God:
Gold:   87         SH:  0    Dex: 16    Spells: 0 memorised, 3 levels left

rFire  . . .     SeeInvis .     b - +0 short sword
rCold  + . .     Gourm    .     c - +0 leather armour
rNeg   . . .     Faith    .     (shield restricted)
rPois  .         Spirit   .     (no helmet)
rElec  .         Dismiss  .     (no cloak)
rCorr  .         Reflect  .     i - +0 pair of gloves
SustAt .         Harm     .     h - +2 pair of boots
MR     .....                    (no amulet)
Stlth  ++........               (no ring)
                                s - ring of protection from cold

@:
A: carnivore 3
a: no special abilities


You were on level 3 of the Dungeon.
You were completely stuffed.

You visited 1 branch of the dungeon, and saw 3 of its levels.

You collected 87 gold pieces.

Inventory:

Hand Weapons
 a - a +1 hand crossbow
 b - a +0 short sword (weapon)
Missiles
 d - 11 bolts
 e - 60 stones (quivered)
Armour
 c - a +0 leather armour (worn)
 h - a +2 pair of boots (worn)
 i - a +0 pair of gloves (worn)
Jewellery
 s - a ring of protection from cold (left hand)
Scrolls
 m - 2 scrolls of blinking {unknown}
 p - a scroll of enchant weapon {unknown}
 q - a scroll of remove curse {unknown}
Potions
 j - a potion of curing {unknown}
 k - a potion of mutation {unknown}
 l - 3 potions of resistance {unknown}
 n - a potion of flight {unknown}
 o - a potion of magic {unknown}
Comestibles
 f - 2 meat rations
 g - 8 chunks of flesh
 r - a beef jerky
 t - a slice of pizza


   Skills:
 * Level 3.2 Fighting
 - Level 4.0 Short Blades
 - Level 5.0 Crossbows
 - Level 2.4 Dodging
 - Level 1.3 Stealth


You had 3 spell levels left.
You didn't know any spells.

Dungeon Overview and Level Annotations

Branches:
Dungeon (3/15)

Altars:


Innate Abilities, Weirdness & Mutations

You are small and have problems with some larger weapons.
You are carnivorous and can eat meat at any time.


Message History

You shoot a bolt. The bolt barely misses the orc priest.
The orc priest misses you.
The orc priest mumbles some strange prayers to Beogh against you.
Beogh smites you!
Ouch! That really hurt!
* * * LOW HITPOINT WARNING * * *
Wield which item (- for none, * to show all)? (? for menu, Esc to quit)
b - a +0 short sword (weapon)
You are too injured to fight recklessly!
You are too injured to fight recklessly!
You are too injured to fight recklessly!
The orc priest hits you but does no damage.
You hit the orc priest but do no damage.
The orc priest is heavily wounded.
The orc priest calls down the wrath of Beogh upon you.
You barely resist.
You hit the orc priest but do no damage.
The orc priest is heavily wounded.
The orc priest hits you with a club.
You die...

##.. ##......<### ...
#######.... ##...#####
#..... #### ###..
.....#######...).
##...##...##
#...#.........
##..........##
##.....##.###.#
#............# #<.##...#.#
#..
#.......<....###.#####...#
### # #....o(.....o@.).#
##..# #.##.........(.#####
#..# #..##...#..((.##
....# #...###..###.#
..##.# ##.....## ..# .# .#
#....### #.## ## .#
#.#......... .. #
##........ #........


You could see an orc priest.

Vanquished Creatures
  2 worms (D:2)
  3 dart slugs
  2 giant geckos (D:1)
  4 orcs
  4 bats
  4 giant cockroaches
  11 goblins
  13 hobgoblins
  3 jackals (D:1)
  10 kobolds
  2 ball pythons
  4 rats
62 creatures vanquished.

Notes
Turn   | Place    | Note
-------+----------+-------------------------------------------
     0 | D:1      | seren the Kobold Hunter began the quest for the Orb.
     0 | D:1      | Reached XP level 1. HP: 12/12 MP: 1/1
    10 | D:1      | Reached skill level 5 in Crossbows
    52 | D:1      | Reached skill level 1 in Short Blades
    74 | D:1      | Reached XP level 2. HP: 14/17 MP: 2/2
   477 | D:1      | Reached XP level 3. HP: 18/21 MP: 3/3
  1170 | D:2      | Reached XP level 4. HP: 15/26 MP: 4/4
  2383 | D:3      | Slain by an orc priest

Vault maps used:
D:1:      minmay_arrival_stair_chambers
D:2:      minmay_pentomino_p2
D:3:      st_stairs_6

Skill      XL: |  1  2  3  4 |
---------------+-------------+-----
Crossbows      | 5 |  5.0
Short Blades   | 1 2 4 |  4.0
Fighting       | 3 |  3.2
Dodging        | |  2.4
Stealth        | |  1.3

Action                   |  1- 3 |  4- 6 || total
-------------------------+-------+-------++-------
Melee: Short sword       |   131 |   123 ||   254
 Fire: Hand crossbow     |     9 |    13 ||    22
Throw: Stone             |     2 |     2 ||     4
 Stab: Sleeping          |     2 |     1 ||     3
       Distracted        |     1 |       ||     1
  Eat: Chunk             |     9 |     4 ||    13
Armor: Leather armour    |    31 |    36 ||    67
Dodge: Dodged            |   111 |    91 ||   202
